 Dungeon Crawl Stone Soup version 0.28-a0-980-g3664467d6e (webtiles) character file.

Game seed: 7883972348115004766

121 KyoPewz the Firebug (level 4, -1/24 HPs)
             Began as a Deep Elf Fire Elementalist on Dec 2, 2021.
             Was an Initiate of Vehumet.
             Slain by a gnoll (4 damage)
             ... on level 4 of the Dungeon.
             The game lasted 00:15:45 (3234 turns).

KyoPewz the Firebug (Deep Elf Fire Elementalist)    Turns: 3234, Time: 00:15:45

Health: -1/24      AC:  2    Str:  5    XL:     4   Next: 77%
Magic:  5/10       EV: 12    Int: 22    God:    Vehumet [......]
Gold:   15         SH:  0    Dex: 15    Spells: 3/9 levels left

rFire   . . .      SeeInvis .   f - +1 dagger (protect) {short}
rCold   . . .      Faith    .   (no shield)
rNeg    . . .      Spirit   .   a - +0 robe
rPois   .          Reflect  .   (no helmet)
rElec   .          Harm     .   (no cloak)
rCorr   .          Rampage  .   (no gloves)
Will    .....                   (no boots)
Stlth   ++........              (no amulet)
HPRegen 0.08/turn               (no ring)
MPRegen 0.12/turn               (no ring)

@: no status effects
A: no striking features
a: Renounce Religion


You were on level 4 of the Dungeon.
You worshipped Vehumet.
Vehumet was noncommittal.
You visited 2 branches of the dungeon, and saw 5 of its levels.

You collected 140 gold pieces.
You spent 125 gold pieces at shops.


   Skills:
 - Level 2.4 Dodging
 - Level 2.4 Stealth
 - Level 3.0 Spellcasting
 + Level 2.9 Conjurations
 * Level 5.4 Fire Magic


You had 3 spell levels left.
You knew the following spells:

 Your Spells              Type           Power      Damage    Failure   Level
a - Foxfire               Conj/Fire      84%        2x1d8     2%          1
b - Scorch                Fire           54%        2d8       1%          2
c - Conjure Flame         Conj/Fire      21%        6-21      7%          3

Your spell library contained the following spells:

 Spells                   Type           Power      Damage    Failure   Level
 Apportation              Tloc           6%         N/A       12%         1
 Inner Flame              Hex/Fire       15%        N/A       12%         3
 Flame Wave               Conj/Fire      21%        2d6       22%         4
 Alistair's Intoxication  Tmut/Pois      2%         N/A       98%         5
 Summon Cactus Giant      Summ           1%         N/A       100%        6
 Chain Lightning          Conj/Air       4%         3d6       100%        9
 Fire Storm               Conj/Fire      10%        8d3       100%        9
 Shatter                  Erth           1%         3d6*      100%        9

Inventory:

Hand Weapons
 e - a +0 dagger {short}
   (You took it off a goblin on level 1 of the Dungeon)
 f - a +1 dagger of protection (weapon) {short}
   (You took it off a kobold on level 1 of the Dungeon)
 g - a +0 quarterstaff {staff}
   (You found it on level 1 of the Dungeon)
Missiles
 h - 5 datura-tipped darts {throwing}
 i - 124 stones {throwing}
 r - 42 arrows
Armour
 a - a +0 robe (worn)
 l - a +3 scale mail
   (You found it on level 2 of the Dungeon)
 o - a +1 animal skin
   (You took it off Robin on level 2 of the Dungeon)
 p - a +0 helmet
   (You took it off Robin on level 2 of the Dungeon)
Magical Staves
 c - a staff of air {!astaff}
   (You found it on level 1 of the Dungeon)
 d - a staff of death {!astaff}
   (You found it on level 1 of the Dungeon)
Wands
 t - a wand of flame (4)
   (You found it on level 4 of the Dungeon)
Scrolls
 b - a scroll of identify {@r1}
 j - 5 scrolls of teleportation {@r4}
 k - a scroll of fog {unknown}
 n - 2 scrolls of enchant armour
 s - a scroll of noise {unknown}
Potions
 m - 2 potions of curing {@q1}
 q - a potion of heal wounds {@q2}

Dungeon Overview and Level Annotations

Branches:
Dungeon (4/15)             Temple (1/1) D:4

Altars:
Ashenzari
Cheibriados
Dithmenos
Elyvilon
Fedhas
Gozag
Hepliaklqana
Kikubaaqudgha
Makhleb
Nemelex Xobeh
Okawaru
Qazlal
Ru
Sif Muna
Trog
Uskayaw
Vehumet
Wu Jian
Xom
Yredelemnul
Zin
The Shining One

Shops:
D:3

:?[ ###. #######.... #
#..........
#.#.................
#+#.#..................
...........###..........
....#...................
.......@................
#+#....................
#.....g..##........###
#........##........<..
###+#...g##...........
.....................
#.......##...###'###..
#............#.....#
....#........#..รท..#


You could see 2 gnolls.


Message History

Found a radiant altar of Vehumet.
There is an open door here.
There is a radiant altar of Vehumet here.
You kneel at the altar of Vehumet.
Vehumet welcomes you!
There is an open door here.
You open the door.
Found a white marble altar of Elyvilon.
There is an open door here.
There is an open door here.
You open the door.
Found an opulent altar of Gozag.
There is an open door here.
You open the door.
Found a hazy altar of Hepliaklqana.
There is an open door here.
You open the door.
Found an ornate altar of the Wu Jian Council.
There is an open door here.
There is an open door here.
As you open the door, it creaks loudly!
Found a shadowy altar of Dithmenos.
There is an open door here.
There is an open door here.
You open the door.
Found a hide-covered altar of Uskayaw.
There is an open door here.
There is an open door here.
You open the door.
Found a broken altar of Ashenzari.
There is an open door here.
There is an open door here.
You open the door.
Found a shimmering altar of Xom.
There is an open door here.
There is an open door here.
Done exploring.
Done exploring.
Done exploring.
Done exploring.
There is an open door here.
There is a staircase back to the Dungeon here.
You climb upwards.
Welcome back to the Dungeon!
You hear the sound of rushing water.
There is an entrance to a sewer on this level.
Hurry and find it before the portal rusts away!
You hear the brisk rusting of a very distant drain.
There is a staircase to the Ecumenical Temple here.
Things that are here:
a +0 club {mace}; a goblin skeleton You open the door.
There is an open door here.
A gnoll comes into view. It is wielding a +0 spear.
You conjure some foxfire! ๐Ÿ˜Ž MP[-1]
You lost 1 mp, and now have 9/10 mp. 2 gnolls come into view.
The foxfire hits the gnoll.
The gnoll shouts!
The foxfire hits the gnoll.
The gnoll shouts!
You hear a shout!
Casting: Foxfire (safe; 2% risk of failure)
Confirm with . or Enter, or press ? or * to list all spells.
The spell is quite dangerous to miscast (7% risk of failure)!
Continue anyway?
The fire begins to smoulder!
A gnoll comes into view. It is wielding a +0 flail. ๐Ÿ˜Ž MP[-3]
You lost 3 mp, and now have 6/10 mp.
The fire ignites!
You conjure some foxfire! ๐Ÿ˜Ž MP[-1]
You lost 1 mp, and now have 5/10 mp.
The foxfire hits the gnoll. x2
You conjure some foxfire!
The gnoll hits you from afar with a +0 spear!
The gnoll hits you with a +0 whip!
* * * LOW HITPOINT WARNING * * *
๐Ÿ˜จ HP[-15]
You take 15 damage, and now have 9/24 hp.
MASSIVE DAMAGE!! (PAUSE)
The foxfire hits the gnoll. x2
You kill the gnoll!
Vehumet accepts your kill.
Casting: Foxfire (safe; 2% risk of failure)
Confirm with . or Enter, or press ? or * to list all spells.
Flames lash the gnoll.
You kill the gnoll!
Vehumet accepts your kill.
The gnoll hits you from afar with a +0 spear!
* * * LOW HITPOINT WARNING * * *
๐Ÿ˜ฑ HP[-7] MP[-2]
You take 7 damage, and now have 2/24 hp.
MASSIVE DAMAGE!! (PAUSE)
You lost 2 mp, and now have 3/10 mp.
Okay, then.
Okay, then. ๐Ÿ˜ฑ MP[+1] ๐Ÿ˜ฑ HP[+1] ๐Ÿ˜ฑ MP[+1]
The gnoll hits you from afar with a +0 spear.
You die...

Skill      XL: |  1  2  3  4 |
---------------+-------------+-----
Fire Magic     | 4 5 |  5.4
Conjurations   | 2 |  2.9
Dodging        | |  2.4
Stealth        | |  2.4
Spellcasting   | |  3.0

Action                   |  1- 3 |  4- 6 || total
-------------------------+-------+-------++-------
Melee: Unarmed           |     2 |       ||     2
       Dagger            |    18 |    17 ||    35
 Cast: Foxfire           |    63 |    17 ||    80
       Scorch            |     1 |     5 ||     6
       Conjure Flame     |       |     1 ||     1
  Use: Scroll            |       |     3 ||     3
Armor: Robe              |    14 |     5 ||    19
Dodge: Dodged            |    23 |    13 ||    36

Levels and vault maps discovered:
D:1:      minmay_arrival_four_houses, layout_rooms, roderic_roman_lattice
D:2:      layout_loops_cross
D:3:      layout_rooms, mainiacjoe_overflow_catch_the_wave, serial_shops,
          nicolae_shop_advertising_works [nicolae_subvault_shop_adworks],
          nicolae_shop_waterfront, shop, nicolae_ecumenical_oubliette,
          uniq_robin
D:4:      layout_basic, temple_green, gup_sewer_entry_pipe,
          minmay_snake_closets, uniq_blork_the_orc
Temple:   mainiacjoe_temple_cubbyholes

Notes
Turn   | Place    | Note
-------+----------+-------------------------------------------
     0 | D:1      | KyoPewz the Deep Elf Fire Elementalist began the quest for
                  | the Orb.
     0 | D:1      | Reached XP level 1. HP: 10/10 MP: 6/6
     0 | D:1      | magus.rc [v1.9.6]
   224 | D:1      | You pick up a book of Annihilations and begin reading...
   224 | D:1      | You add the spells Chain Lightning, Fire Storm and Shatter
                  | to your library.
   396 | D:1      | Reached XP level 2. HP: 15/15 MP: 6/8
   451 | D:1      | HP: 3/15 [dart slug/slug dart (5)]
   696 | D:1      | You pick up a book of Scorching and begin reading...
   736 | D:1      | Reached skill level 4 in Fire Magic
  1105 | D:1      | Learned a level 2 spell: Scorch
  1173 | D:2      | Reached skill level 2 in Conjurations
  1200 | D:2      | Reached XP level 3. HP: 19/19 MP: 7/9
  1320 | D:2      | You pick up a book of Party Tricks and begin reading...
  1320 | D:2      | You add the spells Apportation and Alistair's Intoxication
                  | to your library.
  2078 | D:3      | Found a basalt altar of Yredelemnul.
  2088 | D:3      | Noticed Robin
  2100 | D:3      | Reached XP level 4. HP: 23/24 MP: 2/10
  2236 | D:2      | Learned a level 3 spell: Conjure Flame
  2243 | D:2      | Killed Robin
  2244 | D:2      | Reached skill level 5 in Fire Magic
  2342 | D:3      | Found Loucvuhev's Armour Shop.
  2460 | D:3      | Found a stormy altar of Qazlal.
  2470 | D:3      | Found Rifadgh's Book Shoppe.
  2603 | D:3      | Found Ucrekaxt's Magic Scroll Emporium.
  2610 | D:3      | Bought a scroll of teleportation for 30 gold pieces
  2610 | D:3      | Bought a scroll of enchant armour for 75 gold pieces
  2610 | D:3      | Bought a scroll of identify for 20 gold pieces
  2720 | D:3      | Found a faded altar of an unknown god.
  2817 | D:4      | Found a staircase to the Ecumenical Temple.
  2832 | Temple   | Entered the Ecumenical Temple
  3026 | Temple   | Became a worshipper of Vehumet
  3218 | D:4      | HP: 2/24 [gnoll (7)]
  3234 | D:4      | Slain by a gnoll

Vanquished Creatures
  Robin (D:2)
  2 gnolls (D:4)
  2 adders (D:3)
  A worm (D:2)
  2 dart slugs
  2 orcs (D:2)
  4 bats
  7 endoplasms
  A giant cockroach (D:4)
  8 goblins
  8 hobgoblins
  4 jackals (D:2)
  2 kobolds
  2 quokkas
  8 ball pythons
  2 frilled lizards
  3 rats
59 creatures vanquished.

Vanquished Creatures (others)
  135 foxfires
135 creatures vanquished.

Grand Total: 194 creatures vanquished

Table legend:
 A = Non-vault XP
 B = Vault XP
 C = Vault XP percentage of total XP
 D = Non-vault monster count
 E = Vault monster count
 F = Vault count percentage of total count
                 A         B        C        D         E       F
            +---------+---------+-------+---------+---------+-------
      Total |     140 |      34 |  19.5 |      48 |      11 |  18.6
            +---------+---------+-------+---------+---------+-------
        D:1 |      33 |       0 |   0.0 |      18 |       0 |   0.0
        D:2 |      34 |      17 |  33.3 |      16 |       2 |  11.1
        D:3 |      36 |      17 |  32.1 |       8 |       9 |  52.9
        D:4 |      37 |       0 |   0.0 |       6 |       0 |   0.0
            +---------+---------+-------+---------+---------+-------

Illustrated notes

Table legend:
 A = Kills in this place as a percentage of kills in entire the game.
 B = Kills by you in this place as a percentage of kills by you in the entire game.
 C = Kills by friends in this place as a percentage of kills by friends in the entire game.
 D = Other kills in this place as a percentage of other kills in the entire game.
 E = Experience gained in this place as a percentage of experience gained in the entire game.
 F = Experience gained in this place divided by the number of levels of this place that you have seen.
                   A       B       C       D       E      F
               +-------+-------+-------+-------+-------+----------------------
         Total | 100.0 | 100.0 |   N/A |   N/A | 100.0 |  34.8
       Dungeon | 100.0 | 100.0 |   N/A |   N/A | 100.0 |  43.5
               +-------+-------+-------+-------+-------+----------------------

Table legend: (Time is in decaauts)
 A = Elapsed time spent in this place.
 B = Non-inter-level travel time spent in this place.
 C = Inter-level travel time spent in this place.
 D = Time resting spent in this place.
 E = Time spent auto-exploring this place.
 F = Levels seen in this place.
 G = Mean time per level.
                   A        B        C        D        E       F      G
               +--------+--------+--------+--------+--------+-----+--------+
         Total |   3235 |   3138 |     97 |     51 |   2603 |   5 |  647.0 |
       Dungeon |   2873 |   2828 |     45 |     51 |   2315 |   4 |  718.2 |
        Temple |    361 |    309 |     52 |      0 |    288 |   1 |  361.0 |
               +--------+--------+--------+--------+--------+-----+--------+

Top non-repeatable levels by time:
     D:1: 1105 daAuts
     D:2: 833 daAuts
     D:3: 828 daAuts
  Temple: 361 daAuts
     D:4: 105 daAuts
